 Dungeon Crawl Stone Soup version 0.28-a0-1143-gcf6077d4cc (webtiles) character file.

Game seed: 13144891456239525461

215 leviel the Skirmisher (level 5, -1/48 HPs)
             Began as a Hill Orc Fighter on Dec 14, 2021.
             Slain by a lemure (5 damage)
             ... led by Pikel
             ... on level 4 of the Dungeon.
             The game lasted 00:02:35 (3375 turns).

leviel the Skirmisher (Hill Orc Fighter)            Turns: 3375, Time: 00:02:36

Health: -1/48      AC: 13    Str: 21    XL:     5   Next: 92%
Magic:  5/5        EV:  6    Int:  8    God:
Gold:   128        SH:  4    Dex: 10    Spells: 4/4 levels left

rFire   . . .      SeeInvis .   a - +0 war axe
rCold   . . .      Faith    .   c - +0 buckler
rNeg    . . .      Spirit   .   o - +0 plate armour
rPois   .          Reflect  .   (no helmet)
rElec   .          Harm     .   e - +0 cloak
rCorr   .          Rampage  .   (no gloves)
Will    .....                   (no boots)
Stlth   ..........              (no amulet)
HPRegen 0.16/turn               (no ring)
MPRegen 0.09/turn               (no ring)

@: mighty
A: no striking features
a: no special abilities


You were on level 4 of the Dungeon.
You visited 1 branch of the dungeon, and saw 4 of its levels.

You collected 128 gold pieces.

Inventory:

Hand Weapons
 a - a +0 war axe (weapon)
Missiles
 u - 17 poisoned darts (quivered)
Armour
 c - a +0 buckler (worn)
 e - a +0 cloak (worn)
 o - a +0 plate armour (worn)
 p - a +0 tower shield
Scrolls
 f - a scroll of vulnerability {unknown}
 h - 3 scrolls of identify {unknown}
 j - a scroll of enchant armour {unknown}
 k - a scroll of summoning {unknown}
 l - a scroll of amnesia {unknown}
 q - a scroll of enchant weapon {unknown}
 r - a scroll of noise {unknown}
 s - a scroll of teleportation {unknown}
Potions
 b - a potion of cancellation {unknown}
 g - a potion of berserk rage {unknown}
 i - a potion of mutation {unknown}
 m - a potion of curing {unknown}
 n - a potion of lignification {unknown}
 t - a potion of magic {unknown}


   Skills:
 + Level 5.1 Fighting
 + Level 4.6 Axes
 + Level 0.0 Throwing
 + Level 4.6 Armour
 + Level 4.2 Shields


You had 4 spell levels left.
You didn't know any spells.
Your spell library contained the following spells:

 Spells                   Type           Power      Damage    Failure   Level
 Sting                    Tmut/Pois      0%         1d3       100%        1
 Poisonous Vapours        Pois/Air       0%         N/A       100%        2
 Olgreb's Toxic Radiance  Pois           0%         N/A       100%        4


Dungeon Overview and Level Annotations

Branches:
Dungeon (4/15)
 Temple: D:4-7

Altars:
Cheibriados

Annotations:
D:2 1 runed translucent door, Crazy Yiuf
D:4 Grinder, Pikel


Message History

You closely miss Pikel. You barely miss the lemure.
Grinder blinks!
Pikel completely misses you. You block the lemure's attack.
You barely miss Pikel. You hit the lemure. You closely miss the lemure.
Pikel hits you with a +2 whip of electrocution.
The lemure hits you but does no damage. The lemure barely misses you.
Pikel says, "I touched Geryon's horn once."
Pikel hits you but does no damage.
You barely miss Pikel. You slash the lemure! x2
You block the lemure's attack. The lemure barely misses you.
Pikel hits you but does no damage.
You closely miss Pikel. You slash the lemure! You completely miss the lemure.
You slash the lemure!
You kill the lemure!
That felt strangely unrewarding.
The lemure hits you. Pikel barely misses you.
A ball python comes into view.
You block the lemure's attack. The lemure hits you.
Your plate armour prevents you from hitting Pikel.
You closely miss the lemure. You barely miss the lemure.
You closely miss the lemure.
The ball python hisses angrily.
Pikel hits you with a +2 whip of electrocution.
The lemure hits you. The lemure barely misses you.
The lemure hits you but does no damage. You block Grinder's attack.
You barely miss Pikel. You barely miss the lemure. x2
You closely miss the lemure. You hit Grinder. Pikel barely misses you.
You block the lemure's attack. The lemure barely misses you.
The lemure hits you. Grinder hits you but does no damage.
Pikel hits you but does no damage. The lemure hits you.
The lemure hits you but does no damage.
You slash Pikel!
Pikel is moderately wounded.
You hit Grinder. You barely miss the lemure. You hit the lemure.
You slash the lemure! The lemure hits you but does no damage.
Grinder gestures at you. Pain shoots through your body!
* * * LOW HITPOINT WARNING * * *
Pikel hits you with a +2 whip of electrocution!
* * * LOW HITPOINT WARNING * * *
You block the lemure's attack. The lemure hits you.
You die...

.#.......... ..
.......#... ...
.........# #...
##.......##..##
#.....S..#....#
###..........##
#.....5.K......
#..<.@5......
#.....55...#.#
#............#
#....##.......
###### .......
....... ....#..
#......


You could see Pikel, Grinder, 3 lemures and a ball python.

Vanquished Creatures
  A lemure (D:4)
  2 orc priests (D:3)
  Jessica (D:2)
  An orc wizard (D:3)
  3 adders (D:3)
  A worm (D:3)
  A dart slug (D:1)
  12 orcs
  8 ball pythons
  4 bats
  5 endoplasms
  5 giant cockroaches
  6 goblins
  4 hobgoblins
  6 frilled lizards
  2 kobolds (D:2)
  3 rats
65 creatures vanquished.

Vanquished Creatures (others)
  10 plants (D:3)
  A withered plant (D:2)
11 creatures vanquished.

Grand Total: 76 creatures vanquished

Notes
Turn   | Place    | Note
-------+----------+-------------------------------------------
     0 | D:1      | leviel the Hill Orc Fighter began the quest for the Orb.
     0 | D:1      | Reached XP level 1. HP: 19/19 MP: 1/1
   417 | D:1      | Reached XP level 2. HP: 14/27 MP: 2/2
   866 | D:1      | Reached skill level 4 in Fighting
  1136 | D:2      | Reached XP level 3. HP: 31/33 MP: 3/3
  1244 | D:2      | Noticed Jessica
  1250 | D:2      | Killed Jessica
  1369 | D:2      | Found a faded altar of an unknown god.
  1380 | D:2      | Reached XP level 4. HP: 39/40 MP: 4/4
  1736 | D:2      | Found a runed translucent door.
  1737 | D:2      | Noticed Crazy Yiuf
  2457 | D:3      | Reached XP level 5. HP: 47/47 MP: 5/5
  2819 | D:3      | Reached skill level 5 in Fighting
  3139 | D:3      | Found a snail-covered altar of Cheibriados.
  3364 | D:4      | Noticed Pikel
  3364 | D:4      | Noticed a lemure
  3364 | D:4      | Noticed a lemure
  3365 | D:4      | Noticed a lemure
  3366 | D:4      | Noticed a lemure
  3367 | D:4      | Noticed Grinder
  3372 | D:4      | Killed a lemure
  3375 | D:4      | Slain by a lemure

Illustrated notes

Levels and vault maps discovered:
D:1:      wander_arrival_chamber, layout_basic, hangedman_glass_teeth,
          st_stairs_5
D:2:      layout_loops_ring, ebering_ecumenical_altar_petrified,
          ebering_dispersal_statue_hall, minmay_misc_feat_square,
          minmay_tetromino_l4, uniq_crazy_yiuf_cottage, uniq_jessica
D:3:      layout_loops_corners, old_standard_altar, serial_bayou_crossing
D:4:      layout_cave_pools, vehumet_statue, uniq_grinder, uniq_natasha,
          uniq_pikel

Skill      XL: |  1  2  3  4  5 |
---------------+----------------+-----
Axes           | 3 4 |  4.6
Fighting       | 4 5 |  5.1
Armour         | 4 |  4.6
Shields        | 4 |  4.2

Action                   |  1- 3 |  4- 6 || total
-------------------------+-------+-------++-------
Melee: War axe           |    77 |   143 ||   220
  Use: Potion            |       |     1 ||     1
Armor: Scale mail        |    49 |    40 ||    89
       Plate armour      |       |    34 ||    34
Dodge: Dodged            |    38 |    71 ||   109
Block: Buckler           |    26 |    36 ||    62

Table legend: (Time is in decaauts)
 A = Elapsed time spent in this place.
 B = Non-inter-level travel time spent in this place.
 C = Inter-level travel time spent in this place.
 D = Time resting spent in this place.
 E = Time spent auto-exploring this place.
 F = Levels seen in this place.
 G = Mean time per level.
                   A        B        C        D        E       F      G
               +--------+--------+--------+--------+--------+-----+--------+
         Total |   3451 |   3324 |    127 |    329 |   2455 |   4 |  862.8 |
       Dungeon |   3451 |   3324 |    127 |    329 |   2455 |   4 |  862.8 |
               +--------+--------+--------+--------+--------+-----+--------+

Top non-repeatable levels by time:
     D:3: 1416 daAuts
     D:1: 1146 daAuts
     D:2: 875 daAuts
     D:4: 12 daAuts
